 Dungeon Crawl Stone Soup version 0.29.1-15-g9cfb28693d (webtiles) character file.

Game seed: 3494207900268918670

7 croobank the Caller (level 1, -3/7 HPs)
             Began as a Felid Summoner on Mar 4, 2023.
             Slain by a kobold
             ... wielding a +0 dagger
              (4 damage)
             ... on level 1 of the Dungeon.
             The game lasted 00:01:07 (352 turns).

croobank the Caller (Felid Summoner)                 Turns: 352, Time: 00:01:07

Health: -3/7       AC:  1    Str:  4    XL:     1   Next: 83%
Magic:  2/4        EV: 17    Int: 16    God:
Gold:   14         SH:  0    Dex: 16    Spells: 3/4 levels left
                                        Lives:  0   Deaths: 0

rFire   . . .      SeeInvis +   (weapon unavailable)
rCold   . . .      Faith    .   (shield unavailable)
rNeg    . . .      Spirit   .   (body armour unavailable)
rPois   .          Reflect  .   (helmet unavailable)
rElec   .          Harm     .   (cloak unavailable)
rCorr   .          Rampage  .   (gloves unavailable)
Will    .....                   (boots unavailable)
Stlth   ++........              (no amulet)
HPRegen 0.02/turn               (no ring)
MPRegen 0.09/turn               (no ring)

@: quick
A: very small, claws 1, fangs 3, see invisible, speed 1, shaggy fur 1, stealthy
paws, no weapons or thrown items, no armour, multi-lived
a: no special abilities


You were on level 1 of the Dungeon.
You visited 1 branch of the dungeon, and saw 1 of its levels.

You collected 14 gold pieces.

Inventory:

Scrolls
 c - a scroll of teleportation {unknown}
 d - 2 scrolls of identify {unknown}
Potions
 a - a potion of magic
 b - a potion of heal wounds {unknown}
 e - a potion of berserk rage {unknown}


   Skills:
 + Level 0.3 Fighting
 + Level 2.9 Dodging
 - Level 2.8 Stealth
 + Level 2.1 Spellcasting
 + Level 4.1 Summonings


You had 3 spell levels left.
You knew the following spells:

 Your Spells              Type           Power      Damage    Failure   Level
a - Summon Small Mammal   Summ           56%        N/A       3%          1

Your spell library contained the following spells:

 Spells                   Type           Power      Damage    Failure   Level
 Call Imp                 Summ           14%        N/A       6%          2
 Call Canine Familiar     Summ           14%        N/A       12%         3
 Summon Guardian Golem    Hex/Summ       8%         N/A       26%         3
 Summon Lightning Spire   Summ/Air       8%         N/A       65%         4


Dungeon Overview and Level Annotations

Branches:
Dungeon (1/15)

Altars:


Innate Abilities, Weirdness & Mutations

You have sharp claws.
You have razor-sharp teeth.
You have supernaturally acute eyesight. (SInv)
You cover ground quickly. (Speed+)
You are covered in fur. (AC +1)
Your paws help you pounce on unaware monsters.
You are incapable of wielding weapons or throwing items.
You cannot wear armour.
You gain extra lives every three experience levels.


Message History

You start resting.
Your quokka disappears in a puff of smoke! x2
HP restored.
Found a leather armour.
d - a scroll labelled UNA WISKIQEHUR
d - 2 scrolls labelled UNA WISKIQEHUR (gained 1)
e - a metallic grey potion
Found 5 stones.
Found 4 stones.
You now have 14 gold pieces.
A hobgoblin comes into view.
The hobgoblin shouts!
A kobold comes into view. It is wielding a +0 dagger.
Casting: Summon Small Mammal (safe; 3% risk of failure)
Confirm with . or Enter, or press ? or * to list all spells.
The kobold shouts!
Sorry, you're not good enough to have a special ability.
Casting: Summon Small Mammal (safe; 3% risk of failure)
Confirm with . or Enter, or press ? or * to list all spells.
Casting: Summon Small Mammal (safe; 3% risk of failure)
Confirm with . or Enter, or press ? or * to list all spells.
You don't know that spell.
Your bat hits the hobgoblin but does no damage.
The hobgoblin misses your bat.
Your bat closely misses the hobgoblin.
Your quokka bites the hobgoblin but does no damage.
The hobgoblin closely misses your bat.
A bat comes into view.
Your quokka closely misses the hobgoblin.
Your bat hits the hobgoblin but does no damage.
Your bat hits the kobold but does no damage.
The hobgoblin barely misses your bat. The kobold hits you with a +0 dagger.
Your quokka completely misses the hobgoblin.
Your bat hits the kobold.
You swap places.
The bat misses your quokka. The hobgoblin hits you.
Ouch! That really hurt!
* * * LOW HITPOINT WARNING * * *
Your quokka barely misses the hobgoblin.
The kobold hits you with a +0 dagger.
Ouch! That really hurt!
You die...

#######...###....#
#.........#####
#..############
###..# #...+...#
####....#
#<#.#.#.#
#....#.##
####.#.###
####....#.#
#.........
#....Kb##.#
#.##...##.
....##.#@##.# #
#...#..
......?rg##.#
#...###
#.......b##.#
####..####
#........##(.
#.....)...
........#
#.########
........# ..
.^......# #.
......... #


You could see a hobgoblin (ally target), a bat, a kobold, a friendly quokka
(summoned) and a friendly bat (summoned).

Vanquished Creatures
  A goblin (D:1)
  A kobold (D:1)
  A rat (D:1)
3 creatures vanquished.

Vanquished Creatures (collateral kills)
  A dart slug (D:1)
  An endoplasm (D:1)
2 creatures vanquished.

Grand Total: 5 creatures vanquished

Notes
Turn   | Place    | Note
-------+----------+-------------------------------------------
     0 | D:1      | croobank the Felid Summoner began the quest for the Orb.
     0 | D:1      | Reached XP level 1. HP: 7/7 MP: 4/4
   352 | D:1      | Slain by a kobold

Illustrated notes

Levels and vault maps discovered:
D:1:      onia_arrival_mini_spirals, layout_rooms, minmay_tetromino_o2

Action                   || total
-------------------------++-------
Melee: Unarmed           ||    10
       Bite              ||     2
 Cast: Summon Small Mamm ||     6
Armor: Skin              ||     1
Dodge: Dodged            ||     7
